[Event "2nd Turkish League 2017"]
[Site "Konya"]
[Date "2017.07.18"]
[Round "3"]
[White "Aslan, Huseyin"]
[Black "Turkmen, Huseyin Nafizhan"]
[Result "0-1"]
[ECO "B09"]
[WhiteElo "1654"]
[BlackElo "1817"]
[Annotator "NA"]
[PlyCount "82"]
[EventType "team-tourn"]
[EventCountry "TUR"]
[SourceTitle "playchess.com"]
[Source "ChessBase"]
[SourceQuality "1"]
[TimeControl "5400+30"]

1. e4 d6 2. d4 Nf6 3. Nc3 g6 4. f4 Bg7 5. Nf3 c6 6. Bd3 O-O 7. O-O b5 8. a3 e6 9. Kh1 Nbd7 10. e5 Ne8 11. Qe1 Bb7 12. f5 exf5 13. Bg5 Qc7 14. Be7 Nxe5 15. Bxf8 Nxf3 16. Rxf3 Kxf8 17. Qh4 Nf6 18. Bxf5 c5 19. d5 gxf5 20. Rxf5 b4 21. Rxf6 bxc3 22. bxc3 Bxf6 23. Qxf6 Qd8 24. Qf5 Kg7 25. Rf1 Qe7 26. h3 Rf8 27. c4 Bc8 28. Qh5 Qe5 29. Qh4 Bf5 30. Re1 Qf6 31. Qg3+ Qg6 32. Qc3+ Qf6 33. Qg3+ Bg6 34. h4 h5 35. Kg1 Rb8 36. Kh2 Rb2 37. Re2 Kh7 38. Rf2 Qd4 39. Rf4 Qe5 40. Qf3 Rxc2 41. Kh3 Rc3 0-1

[Event "2nd Turkish League 2017"]
[Site "Konya"]
[Date "2017.07.18"]
[Round "3"]
[White "Turkkan, Ece"]
[Black "Kahya, Gizem"]
[Result "0-1"]
[ECO "A80"]
[WhiteElo "1532"]
[BlackElo "1634"]
[Annotator "NA"]
[PlyCount "52"]
[EventType "team-tourn"]
[EventCountry "TUR"]
[SourceTitle "playchess.com"]
[Source "ChessBase"]
[SourceQuality "1"]
[TimeControl "5400+30"]

1. d4 f5 2. Bg5 Nf6 3. Nc3 e6 4. e3 Be7 5. Bd3 O-O 6. Qf3 d5 7. Nge2 Ne4 8. Bxe7 Qxe7 9. h4 c6 10. O-O-O Nd7 11. Bxe4 fxe4 12. Qg3 e5 13. Rdf1 b5 14. f4 exf3 15. Rxf3 Rxf3 16. Qxf3 Bb7 17. g4 Rf8 18. Qg2 exd4 19. exd4 Qe3+ 20. Kb1 b4 21. Nd1 Qd2 22. Qg3 Qxe2 23. Qc7 Bc8 24. Qxc6 Nb6 25. Qd6 Bxg4 26. Qxb4 Rf1 0-1

[Event "2nd Turkish League 2017"]
[Site "Konya"]
[Date "2017.07.18"]
[Round "3"]
[White "Ozsoy, Damla"]
[Black "Hafizoglu, Bengi"]
[Result "1/2-1/2"]
[ECO "B34"]
[WhiteElo "1490"]
[BlackElo "1415"]
[Annotator "NA"]
[PlyCount "60"]
[EventType "team-tourn"]
[EventCountry "TUR"]
[SourceTitle "playchess.com"]
[Source "ChessBase"]
[SourceQuality "1"]
[TimeControl "5400+30"]

1. e4 c5 2. Nf3 Nc6 3. d4 cxd4 4. Nxd4 g6 5. Nc3 Bg7 6. Be3 Nf6 7. Be2 O-O 8. O-O d5 9. exd5 Nxd5 10. Nxd5 Qxd5 11. Bf3 Qc4 12. Nxc6 bxc6 13. c3 Bf5 14. Qb3 Qa6 15. Bc5 Rfe8 16. Qa3 Qxa3 17. Bxa3 Rac8 18. Rfe1 e5 19. Bc5 e4 20. Bd1 Rb8 21. Bb3 Rb7 22. Rad1 Bf8 23. Bxf8 Kxf8 24. Rd6 Rc8 25. Re2 Ke7 26. Red2 Rb6 27. h3 h5 28. R6d4 c5 29. Ra4 Rc7 30. Kf1 Rbc6 1/2-1/2

[Event "2nd Turkish League 2017"]
[Site "Konya"]
[Date "2017.07.18"]
[Round "3"]
[White "Ozefe, Begum"]
[Black "Ilkbahar, Nimet Seray"]
[Result "1-0"]
[ECO "D45"]
[WhiteElo "1403"]
[BlackElo "1618"]
[Annotator "NA"]
[PlyCount "41"]
[EventType "team-tourn"]
[EventCountry "TUR"]
[SourceTitle "playchess.com"]
[Source "ChessBase"]
[SourceQuality "1"]
[TimeControl "5400+30"]

1. d4 d5 2. Nf3 Nf6 3. c4 e6 4. Nc3 c6 5. e3 Bd6 6. Bd3 O-O 7. O-O b6 8. cxd5 Nxd5 9. a3 Nxc3 10. bxc3 Nd7 11. Qc2 Nf6 12. e4 Bb8 13. e5 Nd7 14. Bxh7+ Kh8 15. Ng5 g6 16. h4 Kg7 17. h5 gxh5 18. Bg8 Nxe5 19. dxe5 Bxe5 20. Qh7+ Kf6 21. Ne4+ 1-0

[Event "2nd Turkish League 2017"]
[Site "Konya"]
[Date "2017.07.18"]
[Round "3"]
[White "Baloglu, Dila"]
[Black "Koc, Aylin"]
[Result "1/2-1/2"]
[ECO "D12"]
[WhiteElo "1379"]
[BlackElo "1550"]
[Annotator "NA"]
[PlyCount "69"]
[EventType "team-tourn"]
[EventCountry "TUR"]
[SourceTitle "playchess.com"]
[Source "ChessBase"]
[SourceQuality "1"]
[TimeControl "5400+30"]

1. d4 Nf6 2. Nf3 d5 3. e3 Bf5 4. c4 e6 5. Nbd2 Nbd7 6. Be2 c6 7. b3 Bd6 8. Bb2 Qe7 9. Ne5 Bb4 10. O-O Bxd2 11. Qxd2 Nxe5 12. dxe5 Ne4 13. Qd1 Qg5 14. cxd5 exd5 15. Qd4 Bh3 16. Bf3 Qg6 17. Kh1 Be6 18. Ba3 h5 19. Qb4 O-O-O 20. Qa5 Kb8 21. Bxe4 Qxe4 22. Bd6+ Ka8 23. Bc5 b6 24. Bxb6 Rd7 25. Rac1 h4 26. f3 Qxe5 27. Rxc6 h3 28. Rg1 hxg2+ 29. Rxg2 Bh3 30. Rgc2 Rb7 31. Bd4 Qf5 32. Qe1 Qxf3+ 33. Kg1 Qg4+ 34. Kh1 Qf3+ 35. Kg1 1/2-1/2

[Event "2nd Turkish League 2017"]
[Site "Konya"]
[Date "2017.07.19"]
[Round "4"]
[White "Benderac, Ana"]
[Black "Guney, Gamze Nur"]
[Result "1-0"]
[ECO "D05"]
[WhiteElo "2233"]
[BlackElo "1776"]
[Annotator "NA"]
[PlyCount "49"]
[EventType "team-tourn"]
[EventCountry "TUR"]
[SourceTitle "playchess.com"]
[Source "ChessBase"]
[SourceQuality "1"]
[TimeControl "5400+30"]

1. d4 d5 2. Nf3 c6 3. e3 Nf6 4. Nbd2 e6 5. Bd3 {[%emt 0:00:30] LiveBook: 6 Games} Bd6 6. b3 Nbd7 7. Bb2 O-O 8. Ne5 {[%emt 0:00:30] D05: Colle System with ...e6} Qc7 (8... a5 9. O-O a4 10. Rb1 a3 11. Ba1 Qe7 12. f4 Bxe5 13. fxe5 Ne8 14. e4 f6 15. exd5 cxd5 {1-0 (34) Ratkovic,M (2359)-Ratkovic,M (2334) Belgrade 2014}) 9. f4 Re8 (9... c5 $14) 10. O-O b6 11. Rf3 Nf8 $146 ({Predecessor:} 11... Bb7 12. Rh3 Nf8 {1-0 (26) Rivera,I (2095)-Rojas,A (1819) Quibdo 2015}) 12. Rh3 a5 13. Qe2 Bb7 14. g4 c5 15. g5 Ne4 16. Ng4 Ng6 {[%emt 0:12:30] [#]} 17. Nxe4 (17. Nf6+ $1 $16 gxf6 (17... Nxf6 18. gxf6) 18. Qh5) 17... dxe4 18. Bb5 $11 Red8 19. Nf6+ gxf6 20. Qh5 f5 21. Qxh7+ Kf8 22. dxc5 e5 23. cxd6 Qxd6 24. fxe5 Qc5 25. e6 1-0

[Event "2nd Turkish League 2017"]
[Site "Konya"]
[Date "2017.07.19"]
[Round "4"]
[White "Yagiz, Yasin Emrah"]
[Black "Arman, Deniz"]
[Result "0-1"]
[ECO "D02"]
[WhiteElo "2172"]
[BlackElo "2273"]
[Annotator "NA"]
[PlyCount "92"]
[EventType "team-tourn"]
[EventCountry "TUR"]
[SourceTitle "playchess.com"]
[Source "ChessBase"]
[SourceQuality "1"]
[TimeControl "5400+30"]

1. Nf3 d5 2. g3 c5 3. Bg2 Nc6 4. d4 cxd4 5. Nxd4 Nf6 6. O-O e5 7. Nxc6 bxc6 8. c4 Be6 9. Bg5 Rc8 10. Qa4 Qd7 11. Bxf6 gxf6 12. cxd5 cxd5 13. Qxd7+ Kxd7 14. Rd1 d4 15. e3 {[%emt 0:18:30] [#]} (15. Nc3 $11) 15... Bc5 $1 16. Nc3 Ke7 $15 17. exd4 Bxd4 18. Nb5 Bb6 19. Nc3 Rhd8 20. Bb7 Rb8 21. Rxd8 Bxd8 22. Bd5 Rxb2 23. Bxe6 Kxe6 24. Kf1 Bb6 25. Nd1 Rc2 26. a4 Bd4 27. Ra3 f5 28. a5 a6 29. h4 h5 30. Ke1 Bc5 31. Ra4 Kd5 32. Kf1 Rc4 33. Rxc4 Kxc4 34. Ke2 Bd4 35. Ne3+ Bxe3 36. Kxe3 Kd5 37. Kf3 Kd4 38. Ke2 e4 39. Kd2 Ke5 40. Ke3 f4+ 41. gxf4+ Kf5 42. Kd4 Kxf4 43. Kd5 Kf3 44. Ke5 Kxf2 45. Kxe4 Kg3 46. Kf5 Kxh4 0-1

[Event "2nd Turkish League 2017"]
[Site "Konya"]
[Date "2017.07.19"]
[Round "4"]
[White "Akca, Gani Eren"]
[Black "Ataman, Alper Efe"]
[Result "1/2-1/2"]
[ECO "C92"]
[WhiteElo "2158"]
[BlackElo "2175"]
[Annotator "NA"]
[PlyCount "70"]
[EventType "team-tourn"]
[EventCountry "TUR"]
[SourceTitle "playchess.com"]
[Source "ChessBase"]
[SourceQuality "1"]
[TimeControl "5400+30"]

1. e4 e5 2. Nf3 Nc6 3. Bb5 a6 4. Ba4 Nf6 5. O-O Be7 6. Re1 b5 7. Bb3 d6 8. c3 O-O 9. h3 Bb7 10. d4 Re8 11. Nbd2 exd4 {[%emt 0:00:30] C92: Closed Ruy Lopez: 9...Be6, Karpov and Flohr-Zaitsev Variations} (11... Bf8 12. a4 Na5 13. Bc2 exd4 14. cxd4 b4 15. b3 g6 16. d5 Bg7 17. Bb2 c6 18. dxc6 Bxc6 19. Nd4 Bb7 20. Qf3 {½-½ (49) Piorun,K (2631)-Matlakov,M (2707) Khanty-Mansiysk 2017}) 12. cxd4 Nd7 13. d5 Nce5 14. Nxe5 $146 ({Predecessor:} 14. Bc2 Bf6 15. Nd4 Nc5 16. N2b3 Nxb3 17. axb3 c5 18. dxc6 Nxc6 19. Nxc6 Bxc6 {0-1 (42) Petriashvili,N (2223)-Ghukasyan,S (2192) Batumi 2017}) 14... Nxe5 15. Nf1 c5 16. dxc6 Bxc6 17. Ng3 g6 18. Be3 Rc8 19. Rc1 Bb7 20. Rxc8 Qxc8 21. Qd4 Qc5 22. Rc1 Qxd4 $11 23. Bxd4 Rc8 24. Rxc8+ Bxc8 25. Bd5 Bf6 26. Ne2 Kg7 27. b4 Be6 28. Nf4 Nc4 29. Bxe6 Bxd4 30. Bc8 a5 31. bxa5 Nxa5 32. Nd5 Bc5 33. Bd7 b4 34. Ba4 Nc4 35. Bc2 Nb6 1/2-1/2

[Event "2nd Turkish League 2017"]
[Site "Konya"]
[Date "2017.07.19"]
[Round "4"]
[White "Zor, Alber Kadir"]
[Black "Lomsadze, Davit"]
[Result "0-1"]
[ECO "E93"]
[WhiteElo "2146"]
[BlackElo "2335"]
[Annotator "NA"]
[PlyCount "74"]
[EventType "team-tourn"]
[EventCountry "TUR"]
[SourceTitle "playchess.com"]
[Source "ChessBase"]
[SourceQuality "1"]
[TimeControl "5400+30"]

1. Nf3 Nf6 2. c4 g6 3. Nc3 Bg7 4. d4 O-O 5. e4 d6 6. Be2 Bg4 7. Ng1 Bc8 8. Nf3 Nbd7 9. Be3 e5 10. d5 Ng4 11. Bg5 {[%emt 0:00:00] LiveBook: 109 Games E93: King's Indian: Classical: Petrosian System with 7...Nbd7} Ngf6 (11... f6 12. Bd2 f5 13. Ng5 Ndf6 14. exf5 gxf5 15. h3 Nh6 16. Ne6 Bxe6 17. dxe6 f4 18. Qc2 Qe7 19. g4 fxg3 20. fxg3 Qxe6 {½-½ (27) Krasenkow,M (2628)-Smirin,I (2652) Stockholm 2013}) 12. Nd2 h6 13. Be3 a5 14. a3 Nh7 15. g4 $146 ({Predecessor:} 15. b4 f5 16. f3 Qh4+ 17. Bf2 Qg5 18. g3 Qe7 19. Rc1 h5 20. Nb5 fxe4 21. Nxe4 {0-1 (35) Radocaj,D (2280)-Bulajic,R (2230) Novi Sad 1989}) 15... Nc5 16. h4 f5 17. f3 $2 (17. Bxc5 $16 {keeps the pressure on.} dxc5 18. gxf5) 17... fxg4 $1 18. fxg4 Bf6 $1 19. Bf2 a4 $11 20. Qc2 Be7 21. Rh2 Rxf2 22. Kxf2 Bxh4+ 23. Kg1 Bg5 24. Rf1 Kg7 25. Rg2 Be3+ 26. Kh1 Qh4+ 27. Rh2 Qe7 28. Nf3 Bf4 29. Rg2 Ng5 30. Nh4 Nh3 31. Nf3 Bd7 32. Nd1 Ng5 33. Nh4 Rf8 34. Rgf2 Nh3 35. Ng2 Nxf2+ 36. Rxf2 Qg5 37. Qc3 Nxe4 0-1

[Event "2nd Turkish League 2017"]
[Site "Konya"]
[Date "2017.07.19"]
[Round "4"]
[White "Kerem, Halil Ozgun"]
[Black "Alaz, Ahmet Efekan"]
[Result "1/2-1/2"]
[ECO "A30"]
[WhiteElo "2074"]
[BlackElo "2015"]
[Annotator "NA"]
[PlyCount "49"]
[EventType "team-tourn"]
[EventCountry "TUR"]
[SourceTitle "playchess.com"]
[Source "ChessBase"]
[SourceQuality "1"]
[TimeControl "5400+30"]

1. Nf3 Nf6 2. g3 c5 3. Bg2 b6 4. O-O Bb7 5. c4 e6 6. d4 cxd4 7. Nxd4 Bxg2 8. Kxg2 Qc8 9. b3 a6 {[%emt 0:01:00] A30: Symmetrical English: Double Fianchetto and Hedgehog} 10. Bb2 Be7 11. Nc3 Qb7+ 12. Kg1 O-O 13. e3 Rd8 {[%emt 0:06:30] [#]} 14. Rc1 $146 ({Predecessor:} 14. Qe2 d5 15. cxd5 Nxd5 {1-0 (36) Nisipeanu,L (2638)-Milu,R (2421) Brasov 2011}) 14... d6 15. Qe2 Nbd7 16. Rfd1 Rac8 17. Qf3 Qc7 18. h3 Bf8 19. Kh2 Ne5 20. Qg2 g6 21. Rd2 Bg7 22. Ba3 Bf8 $14 23. Bb2 Bg7 24. Ba3 Bf8 25. Bb2 1/2-1/2

[Event "2nd Turkish League 2017"]
[Site "Konya"]
[Date "2017.07.19"]
[Round "4"]
[White "Duman, Aydin"]
[Black "Okay, Ilkin Ege"]
[Result "1-0"]
[ECO "B10"]
[WhiteElo "2056"]
[BlackElo "1973"]
[Annotator "NA"]
[PlyCount "87"]
[EventType "team-tourn"]
[EventCountry "TUR"]
[SourceTitle "playchess.com"]
[Source "ChessBase"]
[SourceQuality "1"]
[TimeControl "5400+30"]

1. e4 c6 2. c4 d5 3. exd5 cxd5 4. cxd5 Nf6 5. Qa4+ Nbd7 6. Nc3 g6 7. Bc4 Bg7 8. d3 O-O 9. Nf3 a6 10. Qa3 b6 11. O-O {[%emt 0:23:00] LiveBook: 125 Games} Bb7 12. Re1 Re8 13. Bg5 b5 14. Bb3 $11 Nb6 15. d6 Qxd6 16. Ne5 Nfd5 17. Nxd5 Qxa3 18. bxa3 Nxd5 19. Rac1 Rac8 20. Nf3 Nc3 21. Kf1 e6 22. Bd2 Red8 23. d4 Bxf3 24. Bxc3 Bb7 25. Ba5 Rxd4 26. Rxc8+ Bxc8 27. Rc1 Bd7 28. Rc7 b4 29. a4 Bf8 30. Bb6 Rd6 31. Ba5 Rd4 32. Ra7 Bc8 33. Ra8 Bb7 34. Rb8 Be4 35. Bb6 Bd3+ 36. Ke1 Re4+ 37. Kd2 Bf1 38. Bc5 Kg7 39. Bxf8+ Kf6 40. Rxb4 Re2+ 41. Kd1 Rxf2 42. Ke1 Rf5 43. Bc2 Rc5 44. Bxc5 1-0

[Event "2nd Turkish League 2017"]
[Site "Konya"]
[Date "2017.07.19"]
[Round "4"]
[White "Seyhanoglu, Deniz"]
[Black "Bayraktar, Armagan"]
[Result "1-0"]
[ECO "A36"]
[WhiteElo "2049"]
[BlackElo "1889"]
[Annotator "NA"]
[PlyCount "75"]
[EventType "team-tourn"]
[EventCountry "TUR"]
[SourceTitle "playchess.com"]
[Source "ChessBase"]
[SourceQuality "1"]
[TimeControl "5400+30"]

1. c4 g6 2. g3 Bg7 3. Bg2 c5 4. e3 Nc6 5. Ne2 e6 6. Nbc3 Nge7 7. O-O O-O 8. d4 cxd4 9. Nxd4 d5 10. cxd5 Nxd4 11. exd4 exd5 12. Bg5 Be6 13. Qb3 Qd7 14. Rad1 $11 (14. Bxe7 $5 Qxe7 15. Bxd5 $11 (15. Nxd5 Qd7 $11)) 14... Nc6 15. Nxd5 h6 16. Be3 Kh8 17. Qb5 a6 18. Qc5 Bxd5 19. Qxd5 Rad8 20. Qxd7 Rxd7 21. d5 Ne5 22. b3 Re8 23. h3 f5 24. Rfe1 Nf7 25. Bc5 Nd6 26. Re6 Red8 27. Rxg6 Ne4 28. Bxe4 fxe4 29. d6 Kh7 30. Re6 Kg8 31. Rxe4 Rc8 32. b4 a5 33. Re7 Rxe7 34. dxe7 Bf6 35. Rd7 axb4 36. Rxb7 Kf7 37. Bxb4 Rc2 38. Rb8 1-0

[Event "2nd Turkish League 2017"]
[Site "Konya"]
[Date "2017.07.19"]
[Round "4"]
[White "Buker, Muhittin"]
[Black "Ozturk, Emir"]
[Result "0-1"]
[ECO "E19"]
[WhiteElo "2006"]
[BlackElo "2202"]
[Annotator "NA"]
[PlyCount "78"]
[EventType "team-tourn"]
[EventCountry "TUR"]
[SourceTitle "playchess.com"]
[Source "ChessBase"]
[SourceQuality "1"]
[TimeControl "5400+30"]

1. d4 Nf6 2. c4 e6 3. Nf3 b6 4. g3 Bb7 5. Bg2 Be7 6. Nc3 Ne4 7. Qc2 Nxc3 8. Qxc3 O-O 9. O-O c5 10. b3 cxd4 11. Nxd4 Bxg2 12. Kxg2 Bf6 13. Bb2 d5 14. cxd5 Qxd5+ 15. f3 Na6 16. Rac1 Rfd8 17. Rfd1 Qb7 18. Qe1 Rac8 $11 19. e3 Rxc1 20. Rxc1 Nc5 21. Qe2 e5 22. Nf5 Nd3 23. Rf1 Qa6 24. Qc2 Qxa2 25. Rb1 {[%emt 0:00:30] 2} e4 26. Nd4 {[%emt 0:00:30] 2} Bxd4 27. exd4 {[%emt 0:00:00] ]} Qa5 28. fxe4 Ne1+ 29. Rxe1 Qxe1 30. d5 Re8 31. e5 Qb4 32. d6 Qc5 33. Qxc5 bxc5 34. Kf3 Rb8 35. Ba3 Rxb3+ 36. Ke2 Kf8 37. Bxc5 Ke8 38. Bxa7 Rb2+ 39. Kf3 Rxh2 0-1

[Event "2nd Turkish League 2017"]
[Site "Konya"]
[Date "2017.07.19"]
[Round "4"]
[White "Ibik, Halit Yavuz"]
[Black "Altunbay, Onder"]
[Result "1/2-1/2"]
[ECO "C10"]
[WhiteElo "2004"]
[BlackElo "1830"]
[Annotator "NA"]
[PlyCount "89"]
[EventType "team-tourn"]
[EventCountry "TUR"]
[SourceTitle "playchess.com"]
[Source "ChessBase"]
[SourceQuality "1"]
[TimeControl "5400+30"]

1. e4 e6 2. d4 d5 3. Nd2 dxe4 4. Nxe4 Nd7 5. Nf3 Ngf6 6. Bg5 Be7 7. Nxf6+ Nxf6 8. c3 O-O 9. Bd3 b6 10. O-O Bb7 11. Re1 h6 12. Bh4 Nh5 {[%emt 0:12:30] C10: French with 3 Nc3: Unusual Black 3rd moves and 3...dxe4} 13. Bxe7 (13. Ne5 $5 Bxh4 14. Qxh5 $11) 13... Qxe7 14. Be4 Bxe4 15. Rxe4 Nf6 16. Re1 Rac8 $146 ({Predecessor:} 16... c5 17. dxc5 Qxc5 {½-½ (17) Panchenko,A (2430)-Ulybin,M (2495) Cheliabinsk 1989}) 17. Qe2 c5 18. Rad1 Qb7 19. c4 cxd4 20. Rxd4 Rfd8 $11 21. Red1 Rxd4 22. Rxd4 Qc7 23. Ne5 Qc5 24. Rd1 Qc7 25. Rd4 Qc5 26. Rd1 Qc7 27. f3 Qc5+ 28. Kf1 Qc7 29. b3 Qc5 30. Nd7 Qf5 31. Nxf6+ Qxf6 32. Qd2 Qe7 33. Qd7 Rc7 34. Qxe7 Rxe7 35. Rd8+ Kh7 36. Ke2 e5 37. Rc8 Kg6 38. c5 bxc5 39. Rxc5 Kf5 40. b4 Ke6 41. Ke3 Rd7 42. b5 Kd6 43. Rc6+ Kd5 44. a4 f5 45. Kd3 1/2-1/2

[Event "2nd Turkish League 2017"]
[Site "Konya"]
[Date "2017.07.19"]
[Round "4"]
[White "Cannesar, Rad"]
[Black "Aytekin, Murat Eren"]
[Result "1/2-1/2"]
[ECO "B43"]
[WhiteElo "1979"]
[BlackElo "2201"]
[Annotator "NA"]
[PlyCount "72"]
[EventType "team-tourn"]
[EventCountry "TUR"]
[SourceTitle "playchess.com"]
[Source "ChessBase"]
[SourceQuality "1"]
[TimeControl "5400+30"]

1. e4 c5 2. Nf3 e6 3. d4 cxd4 4. Nxd4 a6 5. Nc3 b5 6. Bd3 Qb6 7. Nf3 Qc7 8. O-O Bb7 {[%emt 0:00:30] B43: Sicilian: Kan Variation: 5 Nc3} 9. Re1 Nc6 (9... Nf6 10. e5 Nd5 11. Ne4 Nc6 12. Ng3 g6 13. c3 Bg7 14. Qe2 O-O 15. a4 b4 16. c4 {0-1 (57) Movsesian,S (2673)-Andreikin,D (2737) Tallinn 2016}) 10. a4 $146 ({Predecessor:} 10. Bg5 f6 11. Bh4 Nh6 12. Bg3 Ne5 13. Kh1 Nhf7 14. Nd4 h5 15. h3 h4 16. Bf4 Nxd3 17. Bxc7 Nxf2+ {0-1 (33) Kosteniuk,A (2549)-Kurmann,O (2447) Flims 2016}) 10... b4 11. Nb1 Nf6 12. e5 Ng4 13. Bf4 Bc5 14. Bg3 Qb6 (14... h5 $1 $15 15. Nbd2 h4 16. Nxh4 Nxf2 17. Bxf2 Bxf2+ 18. Kxf2 Rxh4) 15. Qe2 f5 ({Better is} 15... h5 $1 $11) 16. h3 ({Better is} 16. exf6 $1 $14 Nxf6 17. Nbd2) 16... Nh6 17. Nbd2 Na5 18. Bf4 Nf7 19. Be3 O-O 20. Bxc5 Qxc5 21. Nb3 Nxb3 22. cxb3 Bxf3 23. gxf3 Qe7 $15 24. Qf1 Qg5+ 25. Qg2 Qd2 26. Bc4 Qxb2 27. Rab1 Qd4 28. Rbd1 Qa7 29. f4 Kh8 30. h4 Rg8 31. Rd3 Rad8 32. Red1 g6 33. Kh2 h6 34. Rg3 Kh7 35. Rg1 Nh8 36. h5 Qd4 1/2-1/2

[Event "2nd Turkish League 2017"]
[Site "Konya"]
[Date "2017.07.19"]
[Round "4"]
[White "Kaplan, Bahadir"]
[Black "Eren, Baran"]
[Result "1/2-1/2"]
[ECO "D17"]
[WhiteElo "1952"]
[BlackElo "2143"]
[Annotator "NA"]
[PlyCount "78"]
[EventType "team-tourn"]
[EventCountry "TUR"]
[SourceTitle "playchess.com"]
[Source "ChessBase"]
[SourceQuality "1"]
[TimeControl "5400+30"]

1. d4 d5 2. c4 c6 3. Nf3 Nf6 4. Nc3 dxc4 5. a4 Bf5 6. Ne5 Nbd7 7. Nxc4 Nb6 8. Ne5 a5 9. f3 {[%emt 0:02:30] D17: Slav Defence: 5 a4 Bf5: Lines with 6 Nh4 and 6 Ne5} (9. h4 e6 10. f3 h6 11. e4 Bh7 12. Be3 Nfd7 13. Nd3 Bd6 14. Bf2 O-O 15. Qb3 Qe7 16. g4 Kh8 {0-1 (32) So,W (2812)-Giri,A (2771) Leuven 2017}) 9... Nfd7 10. Nxd7 Nxd7 11. e4 Bg6 12. Be3 {[%emt 0:05:30] LiveBook: 107 Games} Qb6 13. Qd2 e5 14. Rd1 Rd8 15. dxe5 Bc5 16. Bg5 $146 ({Predecessor:} 16. Bxc5 Nxc5 17. Qxd8+ Qxd8 18. Rxd8+ Kxd8 {1-0 (59) Schulz,V (2143)-Leutwyler,M (2186) Germany 2014}) 16... f6 17. exf6 gxf6 $15 18. Bh6 Bf7 19. e5 Bb3 20. exf6 Kf7 21. Be2 Nxf6 22. Qf4 Rxd1+ 23. Nxd1 Re8 24. Nc3 Be3 25. Qh4 Qb4 26. Qxb4 axb4 27. Bxe3 bxc3 28. Kf2 cxb2 29. Rb1 Nd5 30. Bd2 Bxa4 31. Rxb2 b5 32. Bd3 c5 33. Be4 Nf6 34. Bc6 Rb8 35. Be3 Rb6 36. Ba8 Rb8 37. Bc6 Rb6 38. Ba8 Rb8 39. Bc6 Rb6 1/2-1/2

[Event "2nd Turkish League 2017"]
[Site "Konya"]
[Date "2017.07.19"]
[Round "4"]
[White "Demirag, Batuhan"]
[Black "Demirbag, Alihan"]
[Result "1/2-1/2"]
[ECO "A26"]
[WhiteElo "1914"]
[BlackElo "1960"]
[Annotator "NA"]
[PlyCount "117"]
[EventType "team-tourn"]
[EventCountry "TUR"]
[SourceTitle "playchess.com"]
[Source "ChessBase"]
[SourceQuality "1"]
[TimeControl "5400+30"]

1. Nf3 {[%emt 0:00:30] 5} g6 {[%emt 0:01:00] 5} 2. c4 {[%emt 0:00:30] 5} Bg7 3. g3 e5 4. Nc3 Nc6 5. Bg2 d6 6. d3 f5 7. O-O Nf6 8. Rb1 O-O 9. b4 h6 10. Bd2 {[%emt 0:05:30] A26: English Opening vs King's Indian with ...Nc6 and d3} (10. b5 Ne7 11. c5 Be6 12. Ba3 g5 13. cxd6 cxd6 14. Nd2 Rc8 15. Rc1 Qd7 16. Nc4 Ne8 17. Qa4 e4 18. Qb4 Rf7 19. Na4 d5 20. Nd6 Nxd6 21. Qxd6 Qxd6 22. Bxd6 {½-½ (63) Heberla,B (2541)-Amin,B (2654) Sharjah 2016}) 10... g5 {[%emt 0:01:30] LiveBook: 3 Games} 11. b5 Ne7 12. Ne1 f4 13. Nd5 (13. e3 $11) 13... Nfxd5 $146 ({Predecessor:} 13... Nexd5 14. cxd5 Bg4 15. h3 Bd7 16. Nc2 Qe8 {0-1 (30) Radjabov,T-Batsanin,D (2300) Moscow 1997}) 14. cxd5 fxg3 15. hxg3 Bg4 16. Rb4 Qd7 17. Rc4 Rac8 18. Kh2 Rf7 $16 (18... Bh5 $11) 19. f3 Bh5 20. Bh3 g4 21. Bxg4 Bxg4 22. Rxg4 Qxg4 23. fxg4 Rxf1 24. e4 Rcf8 25. Be3 Kh7 26. Qe2 c6 27. Kg2 cxd5 28. Bxa7 R1f7 29. exd5 Kg8 30. Bg1 Ra8 31. Qc2 Nxd5 32. a4 Nf6 33. Qa2 Nxg4 34. a5 e4 35. Qc4 Ne5 36. Qxe4 Rxa5 37. d4 Nc4 38. Qe8+ Bf8 39. Qe6 Nb6 40. Nd3 Rxb5 41. Nf4 Nd7 42. Nd5 Rb2+ 43. Kh3 b5 44. Be3 b4 45. Bc1 Rbf2 46. Nxb4 Nf6 47. Be3 Re2 48. Nc6 Rc2 49. Nd8 Rcc7 50. Nxf7 Rxf7 51. Bf4 Nh7 52. Kg2 Ng5 53. Qd5 Be7 54. Kf1 Kf8 55. Ke2 Rf6 56. Kd3 Nf7 57. Kc4 Kg7 58. Kd3 Kf8 59. Kc4 1/2-1/2

[Event "2nd Turkish League 2017"]
[Site "Konya"]
[Date "2017.07.19"]
[Round "4"]
[White "Ozgur, Isa"]
[Black "Gurbuz, Bayram"]
[Result "1-0"]
[ECO "A54"]
[WhiteElo "1904"]
[BlackElo "1794"]
[Annotator "NA"]
[PlyCount "99"]
[EventType "team-tourn"]
[EventCountry "TUR"]
[SourceTitle "playchess.com"]
[Source "ChessBase"]
[SourceQuality "1"]
[TimeControl "5400+30"]

1. Nf3 d6 2. d4 Nf6 3. g3 Nbd7 4. Bg2 e5 5. c4 Be7 6. Nc3 c6 7. O-O O-O 8. Qc2 Qc7 9. Rd1 Re8 10. h3 Bf8 11. dxe5 dxe5 12. a3 a5 13. Rb1 Nb6 14. Ng5 Be6 15. Nce4 Nxe4 $14 16. Qxe4 g6 17. Qh4 f6 18. Ne4 f5 19. Nf6+ Kh8 20. Rd7 Qxd7 21. Nxd7 Nxd7 22. Bg5 e4 23. f3 exf3 24. Bxf3 Bg7 25. b3 Kg8 26. Kg2 Kf7 27. Qf4 Kg8 28. Rd1 Ne5 29. h4 Nf7 30. Qc1 h6 31. Bf4 a4 32. b4 Rad8 33. Rxd8 Rxd8 34. b5 Kh7 35. bxc6 bxc6 36. Bxc6 Rc8 37. Bb5 g5 38. hxg5 hxg5 39. Bxg5 Ne5 40. Qf4 Nxc4 41. e4 Rc5 42. exf5 Bd5+ 43. Kh3 Rxb5 44. f6 Be6+ 45. g4 Rb3+ 46. Kh4 Nd2 47. Qxd2 Bf8 48. Qc2+ Kh8 49. Qg6 Rb2 50. Qe8 1-0

[Event "2nd Turkish League 2017"]
[Site "Konya"]
[Date "2017.07.19"]
[Round "4"]
[White "Acar, Utku Cengiz"]
[Black "Uyanik, Ulas"]
[Result "1/2-1/2"]
[ECO "A08"]
[WhiteElo "1863"]
[BlackElo "1861"]
[Annotator "NA"]
[PlyCount "109"]
[EventType "team-tourn"]
[EventCountry "TUR"]
[SourceTitle "playchess.com"]
[Source "ChessBase"]
[SourceQuality "1"]
[TimeControl "5400+30"]

1. e4 c5 2. Nf3 e6 3. d3 Nc6 4. Nbd2 d5 5. g3 g6 6. Bg2 Bg7 7. O-O Nge7 8. h4 $11 {[%emt 0:14:30] LiveBook: 8 Games} h5 9. Re1 O-O 10. e5 Qc7 11. Qe2 Nd4 12. Nxd4 cxd4 13. Nf3 Nf5 14. Bh3 Qb6 15. Bxf5 exf5 16. Qd2 Re8 17. Qf4 f6 18. e6 Bxe6 19. Qxd4 Qc6 20. c3 Bf7 21. Be3 b6 22. Re2 Bf8 23. Rae1 Bc5 24. Qf4 Bd6 25. Nd4 Qd7 26. Qf3 Bf8 27. Bf4 a5 28. Rxe8 Rxe8 29. Rxe8 Bxe8 30. Qe3 Bf7 31. Nb3 Qb5 32. Qd2 a4 33. Nd4 Qd7 34. a3 Kh7 35. Be3 Bg8 36. Nc2 Qc6 37. Bd4 b5 38. Qe3 Bf7 39. Kf1 Kg7 40. Ne1 Qe6 41. Qxe6 Bxe6 42. f4 Kf7 43. Ke2 Bd6 44. Ke3 Bd7 45. Bb6 Ke7 46. Kd4 Ke6 47. Nc2 Bc6 48. Bc5 Bc7 49. Ke3 Kf7 50. Nd4 Bd7 51. Kd2 Bb8 52. Nc2 Bc6 53. Nd4 Bd7 54. b3 Bc7 55. Ke3 1/2-1/2